AoeStats
← pataka

Black Forest

510529511Analyzed
2v2 RM · 1d ago on Oct 1, 2026· 44m 28s· 4 players
Game mode
Random Map
Map size
Medium (4 player)
Population
200
Speed
Normal
Resources
Standard
Victory
Conquest
Starting age
Dark Age
Ending age
Imperial Age
RankedLock teamsTeams togetherTeam positionsShared explorationLock speedFull tech treeHidden civsTurbo modeCheats
Victory
Defeat
🇪🇸 Vietnamese · Spain
1265
+15
🇯🇵 Bohemians · Japan
1258
+16
🇭🇰 Ethiopians · Hong Kong SAR China
1376
-20
🇭🇰 Franks · Hong Kong SAR China
1130
-11
samchow100
1:01 Loom
11:06 Feudal Age
11:42 Double-Bit Axe
19:24 Castle Age
17:37 Stone Mining
21:19 Gold Mining
23:21 Wheelbarrow
24:13 Bow Saw
24:18 Scale Barding Armor
31:47 Imperial Age
30:56 Chain Barding Armor
31:35 Husbandry
32:32 Forging
31:59 Cavalier
33:33 Plate Barding Armor
35:38 Conscription
35:32 Paladin
37:29 Iron Casting
39:41 Hand Cart
lamlam32
1:47 Loom
10:49 Feudal Age
15:20 Castle Age
14:38 Fletching
14:45 Double-Bit Axe
16:20 Bodkin Arrow
15:46 Crossbowman
30:37 Padded Archer Armor
32:27 Ballistics
32:34 Horse Collar
34:57 Fortified Wall
35:21 Stone Mining
35:22 Gold Mining
39:41 Imperial Age
38:07 Leather Archer Armor
38:10 Scale Mail Armor
38:23 Forging
38:27 Squires
38:12 Arson
38:22 Elite Skirmisher
38:33 Elite Skirmisher
39:20 Thumb Ring
39:44 Heavy Plow
40:23 Bracer
41:30 Chemistry
41:40 Bow Saw
42:09 Wheelbarrow
42:40 Arbalester
44:26 Ring Archer Armor
45:14 Two-Man Saw
pataka
7:04 Loom
11:21 Feudal Age
16:13 Castle Age
14:43 Double-Bit Axe
15:05 Horse Collar
18:04 Wheelbarrow
17:45 Bow Saw
23:24 Heavy Plow
23:50 Fletching
24:00 Padded Archer Armor
24:28 Bodkin Arrow
25:35 Leather Archer Armor
25:44 Ballistics
25:13 Town Watch
25:23 Gold Mining
25:07 Crossbowman
26:44 Thumb Ring
27:23 Hand Cart
32:27 Imperial Age
33:04 Arbalester
33:52 Bracer
34:22 Ring Archer Armor
34:57 Chemistry
34:18 Caravan
35:35 Elite Skirmisher
36:41 Paper Money
36:49 Forging
37:31 Scale Mail Armor
37:41 Scale Barding Armor
38:40 Iron Casting
38:27 Town Patrol
39:34 Siege Engineers
39:51 Chain Barding Armor
39:35 Husbandry
39:46 Bloodlines
40:29 Chain Mail Armor
45:26 Plate Barding Armor
45:10 Bloodlines
yamaguchi
1:01 Loom
12:54 Feudal Age
16:49 Castle Age
15:21 Double-Bit Axe
17:50 Bow Saw
21:59 Fervor
24:11 Fletching
28:28 Bodkin Arrow
31:20 Wheelbarrow
35:08 Horse Collar
38:23 Imperial Age
36:27 Scale Barding Armor
36:33 Forging
36:13 Pikeman
36:53 Squires
36:39 Arson
36:58 Scale Mail Armor
38:27 Chemistry
38:00 Wagenburg Tactics
38:45 Houfnice
38:59 Halberdier
39:47 Heavy Plow
40:23 Siege Engineers
40:49 Chain Mail Armor
41:47 Iron Casting
41:51 Elite Hussite Wagon
42:53 Conscription
Connection lost

Rejoining the realm…

Still unreachable

The connection could not be restored.

Session expired

The server has moved on; the page needs a fresh start.